 Dungeon Crawl Stone Soup version 0.22-a0-136-g83a10e5 (webtiles) character file.

6 mhoghedin the Chiller (level 1, -1/14 HPs)
             Began as a Draconian Ice Elementalist on Feb 3, 2018.
             Killed from afar by a dart slug (4 damage)
             ... with a slug dart
             ... on level 1 of the Dungeon.
             The game lasted 00:00:37 (125 turns).

mhoghedin the Chiller (Draconian Ice Elementalist)   Turns: 125, Time: 00:00:39

Health: -1/14      AC:  4    Str: 10    XL:     1   Next: 75%
Magic:  0/3        EV: 12    Int: 15    God:
Gold:   10         SH:  0    Dex: 11    Spells: 3/4 levels left

rFire    . . .     SeeInvis .   c - +0 club
rCold    . . .     Gourm    .   (no shield)
rNeg     . . .     Faith    .   (armour unavailable)
rPois    .         Spirit   .   (helmet restricted)
rElec    .         Reflect  .   (no cloak)
rCorr    .         Harm     .   (no gloves)
MR       .....                  (no boots)
Stlth    ++........             (no amulet)
HPRegen  0.04/turn              (no ring)
MPRegen  0.08/turn              (no ring)

@: no status effects
A: unfitting armour, cold-blooded, AC +4
a: no special abilities


You were on level 1 of the Dungeon.
You were not hungry.

You visited 1 branch of the dungeon, and saw 1 of its levels.

You collected 10 gold pieces.

Inventory:

Hand Weapons
 c - a +0 club (weapon)
   (You took it off a goblin on level 1 of the Dungeon)
Scrolls
 d - a scroll of fear {unknown}
Potions
 e - a potion of might {unknown}
 f - a potion of lignification {unknown}
Books
 a - a book of Frost
Comestibles
 b - 2 rations


   Skills:
 - Level 1.7 Dodging
 - Level 1.7 Stealth
 + Level 2.2 Spellcasting
   Level 1.0 Conjurations
 + Level 3.2 Ice Magic


You had 3 spell levels left.
You knew the following spells:

 Your Spells              Type           Power        Failure   Level  Hunger
a - Freeze                Ice            ##..         6%          1    #......


Dungeon Overview and Level Annotations

Branches:
Dungeon (1/15)

Altars:


Innate Abilities, Weirdness & Mutations

Your plain brown scales are hard. (AC +4)
You cannot fit into any form of body armour.
You are cold-blooded and may be slowed by cold attacks.


Message History

No target in view!
No target in view!
No target in view!
No target in view!
No target in view!
No target in view!
No target in view!
No target in view!
No target in view!
No target in view!
No target in view!
You now have 10 gold pieces.
A bat comes into view.
A bat is nearby!
A bat is nearby!
The bat hits you but does no damage.
You barely miss the bat.
Your tail-slap misses the bat.
The bat closely misses you. The bat hits you.
You take 1 damage, and have 12/14 hp.
You hit the bat but do no damage. The bat misses you.
The bat closely misses you. The bat barely misses you.
The bat closely misses you.
You closely miss the bat. The bat barely misses you. x2
You hit the bat. The bat barely misses you.
You barely miss the bat. The bat barely misses you.
The bat hits you but does no damage. x2
The bat barely misses you. The bat hits you but does no damage.
The bat barely misses you. The bat closely misses you.
You hit the bat.
You kill the bat!
No target in view!
No target in view!
No target in view!
No target in view!
No target in view!
No target in view!
No target in view!
No target in view!
No target in view!
No target in view!
No target in view!
No target in view!
No target in view!
No target in view!
No target in view!
No target in view!
No target in view!
No target in view!
No target in view!
No target in view!
No target in view!
No target in view!
No target in view!
No target in view!
No target in view!
No target in view!
No target in view!
No target in view!
No target in view!
No target in view!
No target in view!
No target in view!
No target in view!
No target in view!
f - a metallic golden potion
b - 2 rations (gained 1)
A dart slug comes into view.
A dart slug is nearby!
A dart slug comes into view.
The dart slug launches a dart at you. The slug dart hits you!
You take 4 damage, and have 9/14 hp.
MASSIVE DAMAGE!!
You hit the dart slug. The dart slug launches a dart at you.
The slug dart hits you! The dart slug barely misses you.
You take 4 damage, and have 5/14 hp.
MASSIVE DAMAGE!!
The dart slug bites you.
* * * LOW HITPOINT WARNING * * *
You see here a smoky brown potion.
You take 3 damage, and have 2/14 hp.
MASSIVE DAMAGE!!
Aim: a dart slug (moderately wounded, clinging)
You freeze the dart slug.
You now have 2/3 mp.
Aim: a dart slug (severely wounded, clinging)
You freeze the dart slug.
You kill the dart slug!
You now have 1/3 mp.
The dart slug barely misses you.
You see here a dart slug corpse.
Aim: a dart slug (clinging)
You freeze the dart slug. The dart slug launches a dart at you.
The slug dart hits you!
You die...

..# #####.#####. ..#
............ ... ....>... .
#.# ......### #.# #....... #.#
#####.....## #.# ............
#.# #####.#.#.#. #.####+#@#
......(..... #......w.#
####......#. #......!.#
##........ #........#
#......... #........#
#..####.#.
#........#######.......#.
######...........#######.
.......................
######...######...######...###


You could see a dart slug.

Vanquished Creatures
  A dart slug (D:1)
  A bat (D:1)
  A goblin (D:1)
  A rat (D:1)
4 creatures vanquished.

Notes
Turn   | Place    | Note
-------+----------+-------------------------------------------
     0 | D:1      | mhoghedin the Draconian Ice Elementalist began the quest for the Orb.
     0 | D:1      | Reached XP level 1. HP: 14/14 MP: 3/3
   118 | D:1      | HP: 2/14 [dart slug (3)]
   125 | D:1      | Killed from afar by a dart slug

Vault maps used:
D:1:      arrival_zaba_pyramid

Action                   || total
-------------------------++-------
Melee: Club              ||     9
 Cast: Freeze            ||     4
Armor: Skin              ||     4
Dodge: Dodged            ||    16

Table legend:
 A = Spawn XP
 B = Non-spawn XP
 C = Spawn XP percentage of total XP
 D = Spawn monster count
 E = Non-spawn monster count
 F = Spawn count percentage of total count
 G = Total turns spent on level
                    A         B        C        D         E        F      G
               +---------+---------+-------+---------+---------+-------+---------
         Total |       0 |       9 |   0.0 |       0 |       4 |   0.0 |   125
               +---------+---------+-------+---------+---------+-------+---------
           D:1 |       0 |       9 |   0.0 |       0 |       4 |   0.0 |   125
               +---------+---------+-------+---------+---------+-------+---------

Vault maps used:
D:1:      arrival_zaba_pyramid

Table legend:
 A = Turns spent in this place as a percentage of turns spent in the entire game.
 B = Non-inter-level travel turns spent in this place as a percentage of non-inter-level travel turns spent in the entire game.
 C = Inter-level travel turns spent in this place as a percentage of turns spent in this place.
 D = Turns resting spent in this place as a percentage of non-inter-level travel turns spent in this place.
 E = Turns spent auto-exploring this place as a percentage of non-inter-level travel turns spent in this place.
 F = Non-inter-level travel turns spent in this place divided by the number of levels of this place that you've seen.
                   A       B       C       D       E      F
               +-------+-------+-------+-------+-------+----------------------
         Total | 100.0 | 100.0 |   0.0 |   0.0 |  64.8 | 125.0
       Dungeon | 100.0 | 100.0 |   0.0 |   0.0 |  64.8 | 125.0
               +-------+-------+-------+-------+-------+----------------------

Table legend:
 A = Kills in this place as a percentage of kills in entire the game.
 B = Kills by you in this place as a percentage of kills by you in the entire game.
 C = Kills by friends in this place as a percentage of kills by friends in the entire game.
 D = Other kills in this place as a percentage of other kills in the entire game.
 E = Experience gained in this place as a percentage of experience gained in the entire game.
 F = Experience gained in this place divided by the number of levels of this place that you have seen.
                   A       B       C       D       E      F
               +-------+-------+-------+-------+-------+----------------------
         Total | 100.0 | 100.0 |   N/A |   N/A | 100.0 |   9.0
       Dungeon | 100.0 | 100.0 |   N/A |   N/A | 100.0 |   9.0
               +-------+-------+-------+-------+-------+----------------------
